 Dungeon Crawl Stone Soup version 0.31-a0-1388-g4b2ba238e7 (webtiles) character file.

Game seed: 13115775740676453336

1997 BigPumpCobain the Grappler (level 9, -5/85 HPs)
             Began as a Troll Shapeshifter on Dec 25, 2023.
             Was an Initiate of Trog.
             Slain by an orc warrior
             ... wielding a +0 glaive
              (18 damage)
             ... on level 6 of the Dungeon.
             The game lasted 00:07:31 (3615 turns).

BigPumpCobain the Grappler (Troll Shapeshifter)     Turns: 3615, Time: 00:07:32

Health: -5/85      AC:  5    Str: 28    XL:     9   Next: 2%
Magic:  8/8        EV:  9    Int:  6    God:    Trog [......]
Gold:   242        SH:  0    Dex:  9    Spells: 8/8 levels left

rFire   + .          .
                       - Unarmed
rCold   + . .        (no shield)
rNeg    . . .        y - +1 robe {rC+ rF+}
rPois   .            (helmet currently unavailable)
rElec   .            (cloak currently unavailable)
rCorr   .            (gloves unavailable)
SInv    +            (boots unavailable)
Will    +....        f - amulet of regeneration
Stlth   +            w - ring of see invisible
HPRegen 1.94/turn    m - ring of willpower
MPRegen 0.11/turn

%: no passive effects
@: beast-form
A: beast (slay +3), large, unfitting armour, claws 3, regeneration 1, shaggy fur
1, tough skin 1
a: Begin Untransformation, Renounce Religion


You were on level 6 of the Dungeon.
You worshipped Trog.
Trog was noncommittal.
You were a hulking beast.
You visited 1 branch of the dungeon, and saw 6 of its levels.
You also visited: Sewer.

You collected 242 gold pieces.

Inventory:

Hand Weapons
 n - a +1 whip of draining
 u - the +4 hand axe of the Wilderness {flame, +Blink}
   (You found it on level 2 of the Dungeon)

   +Blink:    It lets you blink.
Armour
 y - a +1 robe of resistance (worn)
Jewellery
 f - an amulet of regeneration (around neck)
 m - a ring of willpower (right claw)
 v - an amulet of magic regeneration
 w - a ring of see invisible (left claw)
Talismans
 c - a beast talisman
 d - a flux talisman
Wands
 t - a wand of mindburst (18)
 C - a wand of iceblast (14)
 E - a wand of quicksilver (4)
 I - a wand of polymorph (2)
Scrolls
 a - a scroll of blinking {unknown}
 e - a scroll of fog {unknown}
 g - a scroll of noise {unknown}
 h - 2 scrolls of teleportation {unknown}
 i - 2 scrolls of identify {unknown}
 j - 2 scrolls of amnesia {unknown}
 l - a scroll of fear {unknown}
 p - a scroll of brand weapon {unknown}
 r - 2 scrolls of torment {unknown}
 x - a scroll of enchant armour {unknown}
 B - a scroll of poison {unknown}
Potions
 b - 2 potions of lignification
 k - a potion of curing {unknown}
 o - a potion of brilliance {unknown}
 q - a potion of haste {unknown}
 s - a potion of mutation {unknown}
 z - a potion of degeneration {unknown}
 A - 2 potions of enlightenment {unknown}
 D - a potion of ambrosia {unknown}
 F - a potion of cancellation {unknown}
 G - a potion of attraction {unknown}
 H - a potion of might {unknown}


   Skills:
 + Level 4.3 Fighting
 - Level 1.5 Dodging
 + Level 9.6 Unarmed Combat
 + Level 5.6 Shapeshifting


You had 8 spell levels left.
You didn't know any spells.
Your spell library contained the following spells:

 Spells                   Type           Power      Damage    Failure   Level
 Magic Dart               Conj           0%         1d3       45%         1
 Blink                    Tloc           0%         N/A       58%         2
 Call Imp                 Summ           0%         N/A       58%         2
 Gell's Gravitas          Tloc           0%         N/A       83%         3
 Teleport Other           Tloc           0%         N/A       83%         3
 Dispersal                Tloc           0%         N/A       100%        6


Dungeon Overview and Level Annotations

Branches:
Dungeon (6/15)              Sewer (visited)
 Temple: D:4-7

Altars:
Gozag
Qazlal
Trog

Shops:
D:1 [


Innate Abilities, Weirdness & Mutations

You are a hulking beast.
Your limbs bulge with bestial killing power. (Slay +3)
You are too large for most types of armour.
You have claws for hands.
Your natural rate of healing is unusually fast.
You are covered in fur. (AC +1)
You have tough skin. (AC +1)


Message History

You barely miss the scorpion. The scorpion barely misses you.
You closely miss the scorpion. The scorpion closely misses you.
You scratch the scorpion.
The scorpion is moderately wounded.
An orc warrior comes into view. It is wielding a +0 glaive.
The scorpion stings you.
You closely miss the scorpion.
The scorpion is moderately wounded.
The orc warrior shouts!
You hear a shout! x2
The scorpion completely misses you.
You claw the scorpion!
The scorpion is almost dead.
The scorpion stings you.
You scratch the scorpion.
You kill the scorpion!
Trog accepts your kill.
You have reached level 9!
Your experience leads to an increase in your attributes!
Increase (S)trength, (I)ntelligence, or (D)exterity?
You feel stronger. x3
You see here a scorpion corpse.
An orc comes into view. It is wielding a +0 short sword.
The orc shouts!
The orc warrior unwields a +0 glaive.
The orc warrior wields a +2 orcbow of freezing.
It is covered in frost.
The orc warrior shoots an arrow.
The arrow hits you! The arrow freezes you.
An orc priest comes into view. It is wielding a +4 hand axe.
The orc warrior unwields a +2 orcbow of freezing.
The orc warrior wields a +0 glaive.
The orc warrior hits you with a +0 glaive!!
You closely miss the orc warrior.
You scratch the orc warrior but do no damage.
The orc warrior hits you with a +0 glaive!!
* * * LOW HITPOINT WARNING * * *
You barely miss the orc warrior.
An orc comes into view. It is wielding a +0 flail.
The orc priest looks satisfied for a moment.
The orc warrior hits you with a +0 glaive!!
You die...

#..................#####
#......................#
##..#.#...####..........#
#..###...# ###........#
#... #.######.........##
##. #..##..†........##
#.....>†........#
...####.####........#
........####.h....###
.....##....#.o....## ...#
#.....#...o....# ..
##........#...###
##.......#o##...#
##......##..o###...
#......## ###.# #.#
##....)# ... .. #.#†))..#
#.#


You could see an orc warrior, an orc priest and 2 orcs.

Vanquished Creatures
  Eustachio (D:5)
  Menkaure (D:4)
  Duvessa (D:4)
  An orc warrior (D:6)
  Pargi (Sewer)
  A black bear (D:4)
  2 ice beasts (D:5)
  2 centaurs
  A kobold brigand (Sewer)
  5 scorpions
  Dowan (D:4)
  2 bombardier beetles
  2 hounds
  A jelly (Sewer)
  A sleepcap (D:4)
  2 orc priests
  4 iguanas
  3 orc wizards
  3 gnolls (D:2)
  4 adders
  A white imp (D:5)
  2 ufetubi (D:5)
  4 worms
  2 dart slugs
  12 orcs
  4 ball pythons
  9 endoplasms
  4 giant cockroaches
  7 goblins
  4 hobgoblins
  4 jackals (D:4)
  6 quokkas
  4 bats
  5 frilled lizards
  11 kobolds
  12 rats
130 creatures vanquished.

Notes
Turn   | Place    | Note
-------+----------+-------------------------------------------
     0 | D:1      | BigPumpCobain the Troll Shapeshifter began the quest for
                  | the Orb.
     0 | D:1      | Reached XP level 1. HP: 18/18 MP: 0/0
   134 | D:1      | Reached XP level 2. HP: 26/26 MP: 1/1
   351 | D:1      | Reached skill level 4 in Unarmed Combat
   385 | D:1      | Found Jeaseleka's Antique Armour Shop.
   387 | D:1      | Found a faded altar of an unknown god.
   602 | D:2      | Reached XP level 3. HP: 32/32 MP: 2/2
   779 | D:2      | Reached XP level 4. HP: 31/40 MP: 3/3
   786 | D:2      | Reached skill level 5 in Unarmed Combat
   826 | D:2      | Identified the +4 hand axe of the Wilderness {flame,
                  | +Blink}
  1746 | D:4      | Noticed Duvessa
  1749 | D:4      | Noticed Dowan
  1755 | D:4      | Killed Duvessa
  1756 | D:4      | Reached skill level 6 in Unarmed Combat
  1756 | D:4      | Reached XP level 5. HP: 40/46 MP: 4/4
  1789 | D:4      | Killed Dowan
  1790 | D:4      | Reached skill level 7 in Unarmed Combat
  1790 | D:4      | Reached XP level 6. HP: 32/54 MP: 5/5
  2209 | D:4      | Reached skill level 8 in Unarmed Combat
  2209 | D:4      | Reached XP level 7. HP: 61/61 MP: 6/6
  2226 | D:4      | Noticed Menkaure
  2229 | D:4      | Killed Menkaure
  2230 | D:4      | Reached skill level 1 in Fighting
  2615 | D:5      | Entered Level 5 of the Dungeon
  2840 | D:5      | Found a bloodstained altar of Trog.
  2963 | D:5      | Found a stormy altar of Qazlal.
  2970 | D:5      | Reached XP level 8. HP: 66/74 MP: 7/7
  3020 | D:5      | Noticed Eustachio
  3026 | D:5      | Killed Eustachio
  3042 | D:5      | Found an opulent altar of Gozag.
  3128 | D:5      | Reached skill level 9 in Unarmed Combat
  3195 | D:5      | Found a glowing drain.
  3205 | Sewer    | Entered a sewer
  3309 | Sewer    | Noticed Pargi
  3317 | Sewer    | Killed Pargi
  3438 | D:5      | Became a worshipper of Trog the Wrathful
  3468 | D:6      | Reached skill level 5 in Shapeshifting
  3610 | D:6      | Reached XP level 9. HP: 62/85 MP: 8/8
  3615 | D:6      | Slain by an orc warrior

Illustrated notes

Levels and vault maps discovered:
D:1:      dpeg_arrival_lava_temple_mockup, layout_rooms, basic_ecumenical_altar,
          serial_shops, nicolae_shop_window_shopping
D:2:      layout_rooms
D:3:      layout_basic
D:4:      layout_loops_corners, serial_glass, glass_columns_b, glass_columns_a,
          lemuel_flame_loot_1, uniq_duvessa, uniq_menkaure
D:5:      layout_loops_ring, mainiacjoe_overflow_24_doors,
          nicolae_overflow_hidden_temple, mainiacjoe_overflow_paths,
          gup_sewer_entry_bubbles, uniq_eustachio
D:6:      layout_cave_pools, dreamdust_princess_bridge,
          nicolae_concentric_dashed_squares_wild

Skill      XL: |  1  2  3  4  5  6  7  8 |
---------------+-------------------------+-----
Unarmed Combat | 4 6 7 8 9 |  9.6
Fighting       | 2 4 |  4.3
Shapeshifting  | 4 5 |  5.6
Dodging        | |  1.5

Action                     |  1- 3 |  4- 6 |  7- 9 || total
---------------------------+-------+-------+-------++-------
  Melee: Unarmed           |    77 |    99 |   147 ||   323
         Punch             |       |     2 |     5 ||     7
  Evoke: Wand              |       |     2 |       ||     2
   Stab: Sleeping          |       |       |     2 ||     2
 Armour: Animal skin       |    42 |    51 |       ||    93
         Robe              |       |    11 |   123 ||   134
  Dodge: Dodged            |    27 |    30 |    52 ||   109

Table legend: (Time is in decaauts)
 A = Elapsed time spent in this place.
 B = Non-inter-level travel time spent in this place.
 C = Inter-level travel time spent in this place.
 D = Time resting spent in this place.
 E = Time spent auto-exploring this place.
 F = Levels seen in this place.
 G = Mean time per level.
                   A        B        C        D        E       F      G
               +--------+--------+--------+--------+--------+-----+--------+
         Total |   3571 |   3415 |    156 |      0 |   2679 |   7 |  510.1 |
       Dungeon |   3408 |   3252 |    156 |      0 |   2562 |   6 |  568.0 |
         Sewer |    163 |    163 |      0 |      0 |    117 |   1 |  163.0 |
               +--------+--------+--------+--------+--------+-----+--------+

Top non-repeatable levels by time:
     D:4: 885 daAuts
     D:5: 668 daAuts
     D:3: 614 daAuts
     D:1: 565 daAuts
     D:2: 530 daAuts
   Sewer: 163 daAuts
     D:6: 144 daAuts
